 Dungeon Crawl Stone Soup version 0.32-a0-685-g93135e86f0 (webtiles) character file.

Game seed: 8053527641065918901

2147 seren the Ruffian (level 9, -2/59 HPs)
             Began as an Octopode Shapeshifter on Mar 12, 2024.
             Was an Initiate of Gozag.
             Slain by an ice beast (13 damage)
             ... on level 6 of the Dungeon.
             The game lasted 00:15:02 (6453 turns).

seren the Ruffian (Octopode Shapeshifter)           Turns: 6453, Time: 00:15:03

Health: -2/59      AC:  1    Str: 16    XL:     9   Next: 31%
Magic:  9/9        EV: 14    Int: 18    God:    Gozag
Gold:   551        SH:  0    Dex: 13    Spells: 8/8 levels left

rFire   . .          .
                       - Unarmed
rCold   . . .        (no shield)
rNeg    . . .        (helmet currently unavailable)
rPois   .            (no amulet)
rElec   .            u - +6 ring of intelligence
rCorr   .            (no ring)
SInv    .            (no ring)
Will    .....        (no ring)
Stlth   ++++         (no ring)
HPRegen 0.29/turn    (no ring)
MPRegen 0.11/turn    (no ring)
                     (no ring)

%: no passive effects
@: beast-form, gold aura
A: beast (slay +3), almost no armour, amphibious, 8 rings, camouflage 1,
gelatinous body 1, (nimble swimmer 1), tentacles
a: Begin Untransformation, Renounce Religion, Potion Petition, Call Merchant,
Bribe Branch


You were on level 6 of the Dungeon.
You worshipped Gozag.
Gozag was pleased with you.
You were a hulking beast.
You visited 2 branches of the dungeon, and saw 7 of its levels.
You also visited: Sewer and Ossuary.

You collected 623 gold pieces.
You spent 22 gold pieces at shops.
You paid 50 gold pieces to Gozag.

Inventory:

Missiles
 a - 3 atropa-tipped darts
 h - 86 stones (quivered)
 n - 7 boomerangs
 t - 7 poisoned darts
Armour
 d - a +0 tower shield
Jewellery
 u - a +6 ring of intelligence (left tentacle)
Talismans
 b - a beast talisman (active)
 c - a flux talisman
 v - a blade talisman
Wands
 r - a wand of digging (3)
Scrolls
 f - a scroll of immolation
 i - 2 scrolls of enchant armour
 j - 4 scrolls of noise
 k - 3 scrolls of amnesia
 l - a scroll of summoning
 p - 3 scrolls of teleportation {!r}
 s - a scroll of poison {unknown}
Potions
 e - a potion of brilliance
 g - 3 potions of enlightenment {unknown}
 m - 3 potions of curing
 o - a potion of berserk rage {unknown}
 q - 2 potions of might {unknown}
 w - a potion of attraction {unknown}
 x - a potion of resistance {unknown}


   Skills:
 + Level 4.7 Fighting
 + Level 5.0 Dodging
 - Level 5.0 Stealth
 * Level 7.2 Unarmed Combat
 * Level 6.7 Shapeshifting


You had 8 spell levels left.
You didn't know any spells.
Your spell library contained the following spells:

 Spells                   Type           Power      Damage    Failure   Level
 Apportation              Tloc           0%         N/A       22%         1
 Jinxbite                 Hex            0%         N/A       32%         2
 Anguish                  Hex/Necr       0%         N/A       91%         4
 Leda's Liquefaction      Alch/Erth      0%         N/A       91%         4
 Summon Lightning Spire   Summ/Air       0%         N/A       91%         4
 Alistair's Intoxication  Alch           0%         N/A       99%         5
 Lee's Rapid Deconstruct  Erth           0%         3d4*      99%         5
 Permafrost Eruption      Ice/Erth       0%         2x4d2     100%        6
 Plasma Beam              Fire/Air       0%         2x1d10    100%        6


Dungeon Overview and Level Annotations

Branches:
Dungeon (6/15)             Temple (1/1) D:4           Sewer (visited)
Ossuary (visited)

Altars:
Ashenzari
Cheibriados
Dithmenos
Elyvilon
Gozag
Kikubaaqudgha
Nemelex Xobeh
Okawaru
Qazlal
Ru
Sif Muna
Trog
Uskayaw
Vehumet
Wu Jian
Xom
Yredelemnul

Shops:
D:1 *   D:5 :   D:6 [(*[

Annotations:
D:5 Edmund, Pikel
D:6 2 transporters


Innate Abilities, Weirdness & Mutations

You are a hulking beast.
Your limbs bulge with bestial killing power. (Slay +3)
You cannot wear most types of armour.
You are amphibious.
You can wear up to eight rings at the same time.
Your skin changes colour to match your surroundings (Stealth+).
Your rubbery body absorbs attacks. (AC +1, EV +1)
((You are camouflaged when in or above water. (Stealth+)))
You have tentacles for arms and can constrict up to eight enemies at once.


Message History

You tentacle-slap the ice beast but do no damage.
You tentacle-slap the ice beast.
The ice beast is lightly wounded.
The ice beast hits you. The ice beast freezes you!
You tentacle-slap the ice beast.
Your tentacle-slap misses the ice beast.
The ice beast is lightly wounded.
The ice beast hits you. The ice beast freezes you.
* * * LOW HITPOINT WARNING * * *
The water moccasin barely misses you.
You tentacle-slap the ice beast.
The ice beast is moderately wounded.
The water moccasin bites you!
* * * LOW HITPOINT WARNING * * *
You are poisoned.
The water moccasin poisons you! The ice beast hits you.
* * * LOW HITPOINT WARNING * * *
The ice beast freezes you!
* * * LOW HITPOINT WARNING * * *
As you read the scroll of summoning, it crumbles to dust.
Wisps of shadow whirl around you...
* * * LOW HITPOINT WARNING * * *
You feel very sick. The bullfrog hits your orc wizard!
The water moccasin closely misses you. The ice beast barely misses you.
The water moccasin closely misses you.
* * * LOW HITPOINT WARNING * * *
You feel very sick. The bullfrog attacks as it pursues you!
The bullfrog hits you.
* * * LOW HITPOINT WARNING * * *
Your orc wizard barely misses the bullfrog.
Your orc wizard gestures at the ice beast while chanting.
The magic dart hits the water moccasin!
Your orc shouts, "Beware of monsters!"
You feel better. The bullfrog closely misses you.
The water moccasin completely misses you.
The ice beast hits you.
* * * LOW HITPOINT WARNING * * *
The ice beast freezes you!
You die...
Your body crumbles into a pile of gold.

#.......#....#
#.......##..##
#........# ##
#........## # #.
#.........##.#"#©.
##..........#...#
.....o..o...#.##.#
..........### .^
......oSh.# ©.#
......oFY## #..
...o.oo.o#(# #
.....$...##.#
.......... #
####'#.....
...(.....
.........#.
..........#..


You could see a water moccasin, an ice beast (ally target), a bullfrog (ally
target), 3 friendly orc wizards and 5 friendly orcs.

Vanquished Creatures
  Sigmund (D:5)
  Eustachio (D:5)
  An orc warrior (D:5)
  4 black bears
  An ogre (D:4)
  2 phantoms
  2 elf zombies (Ossuary)
  A brain worm (Sewer)
  3 scorpions
  A howler monkey (D:6)
  A bombardier beetle (D:4)
  A jelly (Sewer)
  2 centaur zombies (Ossuary)
  3 human zombies (Ossuary)
  A hound (D:4)
  An orc priest (D:3)
  An iguana (D:6)
  2 orc wizards
  5 hound zombies (Ossuary)
  3 mummies
  9 adders
  3 gnolls (D:4)
  7 adder zombies (Ossuary)
  8 ribbon worms
  A dart slug (D:1)
  13 orcs
  7 ball pythons
  4 endoplasms
  9 giant cockroaches
  2 gnoll zombies (Ossuary)
  5 hobgoblins (D:2)
  4 jackals (D:1)
  14 kobolds
  4 quokkas
  4 bats
  6 frilled lizards
  4 goblins
  2 goblin zombies (D:6)
  6 jackal zombies (Ossuary)
  3 kobold zombies (Ossuary)
  7 orc zombies (Ossuary)
  9 rats
168 creatures vanquished.

Notes
Turn   | Place    | Note
-------+----------+-------------------------------------------
     0 | D:1      | seren the Octopode Shapeshifter began the quest for the
                  | Orb.
     0 | D:1      | Reached XP level 1. HP: 13/13 MP: 1/1
    75 | D:1      | Found a faded altar of an unknown god.
    92 | D:1      | Reached XP level 2. HP: 18/18 MP: 2/2
   382 | D:1      | Reached skill level 1 in Stealth
   383 | D:1      | Found Engumm's General Store.
   393 | D:1      | Reached XP level 3. HP: 19/23 MP: 3/3
  1057 | D:1      | Bought a scroll of identify for 22 gold pieces
  1327 | D:2      | Reached XP level 4. HP: 28/28 MP: 4/4
  2037 | D:3      | Reached XP level 5. HP: 30/34 MP: 5/5
  2308 | D:3      | Got Ogediuwk's Annotations on Misty Portents
  2360 | D:3      | Reached skill level 4 in Unarmed Combat
  2861 | D:4      | Found a glowing drain.
  2865 | D:4      | Noticed a phantom
  2875 | D:4      | HP: 1/51 [phantom (4)]
  2876 | D:4      | Killed a phantom
  2877 | D:4      | Reached XP level 6. HP: 2/40 MP: 6/6
  2954 | Sewer    | Entered a sewer
  3179 | Sewer    | Noticed Pargi
  3325 | D:4      | Found an ancient bone altar of Kikubaaqudgha.
  3400 | D:4      | Reached XP level 7. HP: 45/45 MP: 7/7
  3449 | D:4      | Found a staircase to the Ecumenical Temple.
  3468 | Temple   | Entered the Ecumenical Temple
  3487 | Temple   | Became a worshipper of Gozag Ym Sagoz the Greedy
  3638 | D:4      | Reached skill level 5 in Unarmed Combat
  3794 | D:4      | Reached skill level 5 in Shapeshifting
  3901 | D:5      | Entered Level 5 of the Dungeon
  4011 | D:5      | Noticed Edmund
  4022 | D:5      | Noticed Eustachio
  4032 | D:5      | Killed Eustachio
  4033 | D:5      | Reached XP level 8. HP: 41/52 MP: 8/8
  4285 | D:5      | Noticed Pikel
  4824 | D:5      | Noticed Sigmund
  4829 | D:5      | Killed Sigmund
  4830 | D:5      | Reached skill level 5 in Stealth
  4830 | D:5      | Reached skill level 6 in Unarmed Combat
  5000 | D:5      | Found a white marble altar of Elyvilon.
  5010 | D:5      | Found a snail-covered altar of Cheibriados.
  5010 | D:5      | Found a broken altar of Ashenzari.
  5068 | D:5      | Found Rasuoj's Book Boutique.
  5518 | D:6      | Found a sand-covered staircase.
  5526 | Ossuary  | Entered an ossuary
  5673 | Ossuary  | Reached XP level 9. HP: 49/59 MP: 9/9
  6024 | Ossuary  | Reached skill level 7 in Unarmed Combat
  6287 | D:6      | Found Voskuiwi's Antique Armour Shop.
  6290 | D:6      | Found Nenoder's Weapon Shop.
  6292 | D:6      | Found Loneacoim's Armour Shop.
  6296 | D:6      | Found Oggubos's Assorted Antiques.
  6305 | D:6      | Reached skill level 5 in Dodging
  6436 | D:6      | Found a transporter.
  6439 | D:6      | Found a transporter.
  6453 | D:6      | Slain by an ice beast

Illustrated notes

Levels and vault maps discovered:
D:1:      dpeg_arrival_fog, layout_basic, shapermc_ecumenical_altar_flowoftime,
          serial_shops, shop, patterned_corridor
D:2:      layout_loops_cross
D:3:      layout_basic, serial_aquarium, aquarium_bridge_square
          [aquarium_subvault_wall, aquarium_subvault_window,
          aquarium_subvault_bridge, aquarium_subvault_balcony],
          aquarium_bridge_straight [aquarium_subvault_bridge,
          aquarium_subvault_wall, aquarium_subvault_bridge,
          aquarium_subvault_wall], aquarium_window_1, aquarium_window_fake,
          aquarium_view_2d, aquarium_view_2g, corexii_hall_statues_x
D:4:      layout_rooms, kiku_gazebo_pond_becter,
          minmay_temple_entry_stoned_glass,
          mainiacjoe_sewer_entry_somewhere_in_here_1
D:5:      nicolae_cairo_tiling_large, layout_layer_cave, minitemple,
          serial_shops, nicolae_book_shop_shelving, uniq_pikel, uniq_sigmund,
          uniq_eustachio, uniq_edmund
D:6:      layout_gridville, mainiacjoe_overflow_alcove_1,
          nicolae_ossuary_entry_giza, gammafunk_ghost_abyssal_escape,
          minmay_shop_grid_forest
Temple:   nicolae_temple_figure_eight

Skill      XL: |  1  2  3  4  5  6  7  8  9 |
---------------+----------------------------+-----
Stealth        | 1 2 3 4 5 |  5.0
Fighting       | 2 3 4 |  4.7
Unarmed Combat | 4 5 6 7 |  7.2
Shapeshifting  | 4 5 6 |  6.7
Dodging        | 3 4 5 |  5.0

Action                     |  1- 3 |  4- 6 |  7- 9 || total
---------------------------+-------+-------+-------++-------
  Melee: Unarmed           |    62 |    95 |   194 ||   351
         Constrict         |    17 |    28 |    43 ||    88
         Tentacles         |    12 |    18 |    45 ||    75
         Punch             |     1 |     2 |    14 ||    17
  Throw: Stone             |       |     1 |       ||     1
    Use: Scroll            |     3 |     2 |     4 ||     9
         Potion            |       |     2 |     1 ||     3
   Stab: Sleeping          |     2 |    17 |     8 ||    27
         Distracted        |       |       |     1 ||     1
 Armour: Skin              |    25 |    29 |    84 ||   138
  Dodge: Dodged            |    33 |    30 |   123 ||   186

Table legend: (Time is in decaauts)
 A = Elapsed time spent in this place.
 B = Non-inter-level travel time spent in this place.
 C = Inter-level travel time spent in this place.
 D = Time resting spent in this place.
 E = Time spent auto-exploring this place.
 F = Levels seen in this place.
 G = Mean time per level.
                   A        B        C        D        E       F      G
               +--------+--------+--------+--------+--------+-----+--------+
         Total |   6407 |   6137 |    270 |    643 |   3573 |   9 |  711.9 |
       Dungeon |   5418 |   5159 |    259 |    557 |   3367 |   6 |  903.0 |
        Temple |     52 |     41 |     11 |      0 |     16 |   1 |   52.0 |
         Sewer |    289 |    289 |      0 |     86 |     28 |   1 |  289.0 |
       Ossuary |    647 |    647 |      0 |      0 |    162 |   1 |  647.0 |
               +--------+--------+--------+--------+--------+-----+--------+

Top non-repeatable levels by time:
     D:5: 1298 daAuts
     D:1: 1148 daAuts
     D:4: 953 daAuts
     D:3: 889 daAuts
     D:2: 792 daAuts
 Ossuary: 647 daAuts
     D:6: 336 daAuts
   Sewer: 289 daAuts
  Temple: 52 daAuts
